 Dungeon Crawl Stone Soup version 0.18.1-47-g9310371 (webtiles) character file.

1528 rftp080 the Conjurer (level 8, -7/57 HPs)
             Began as a Centaur Wizard on June 20, 2016.
             Mangled by rftp080's ghost (9 damage)
             ... on level 6 of the Dungeon.
             The game lasted 00:12:56 (6474 turns).

rftp080 the Conjurer (Centaur Wizard)               Turns: 6474, Time: 00:12:57

Health: -7/57      AC:  6    Str: 10    XL:     8   Next: 55%
Magic:  6/16       EV:  9    Int: 19    God:
Gold:   276        SH:  0    Dex:  8    Spells: 5 memorised, 7 levels left

rFire  + . .     SeeInvis .     B - +2 short sword (venom)
rCold  . . .     Gourm    .     a - +0 robe
rNeg   . . .     Faith    .     (no shield)
rPois  +         Spirit   .     b - +0 hat
rElec  .         Dismiss  .     J - +0 cloak (curse)
rCorr  .         Reflect  .     g - +0 pair of gloves
SustAt .         Harm     .     (no barding)
MR     .....                    (no amulet)
Stlth  +.........               u - ring of poison resistance
                                y - ring of protection from fire

@: very slightly contaminated, repel missiles, very quick, not resistant to
hostile enchantments, very unstealthy
A: hooves 3, deformed body, speed 2, tough skin 3
a: no special abilities


You were on level 6 of the Dungeon.
You were not hungry.

You visited 2 branches of the dungeon, and saw 7 of its levels.

You collected 276 gold pieces.

Inventory:

Hand Weapons
 l - a +0 dagger of draining
 v - a +0 hunting sling
 B - a +2 short sword of venom (weapon)
 H - a +0 hunting sling
 K - a +0 spear
Missiles
 e - 227 stones (quivered)
 i - 41 arrows
 k - 32 bolts
 m - 33 sling bullets
 t - 8 tomahawks
Armour
 a - a +0 robe (worn)
 b - a +0 hat (worn)
 g - a +0 pair of gloves (worn)
 J - a cursed +0 cloak (worn)
Magical Staves
 w - an uncursed staff of energy {unknown}
Jewellery
 u - a ring of poison resistance (right hand)
 x - an uncursed ring of see invisible
 y - a ring of protection from fire (left hand)
 O - a +2 ring of dexterity {unknown}
Wands
 G - a wand of teleportation (3/9)
Scrolls
 j - 5 scrolls of identify
 n - a scroll of teleportation
 z - 2 scrolls of enchant weapon
 A - 4 scrolls of remove curse
 C - a scroll of recharging {unknown}
 I - a scroll of fear {unknown}
 L - a scroll of magic mapping
 P - 2 scrolls of fog {unknown}
Potions
 f - a potion of flight
 h - a potion of might {unknown}
 p - a potion of curing {unknown}
 q - a potion of brilliance {unknown}
 r - a potion of cure mutation {unknown}
 s - a potion of cancellation {unknown}
 D - a potion of invisibility {unknown}
 F - 4 potions of heal wounds {unknown}
Books
 c - a book of Minor Magic

   Spells                             Type                      Level
   a - Magic Dart                     Conjuration                  1
   b - Blink                          Translocation                2
   c - Call Imp                       Summoning                    2
   d - Repel Missiles                 Charms/Air                   2
   e - Slow                           Hexes                        2
   f - Conjure Flame                  Conjuration/Fire             3
   g - Mephitic Cloud                 Conjuration/Poison/Air       3
Comestibles
 d - 8 bread rations
 o - 4 beef jerkies
 E - 2 meat rations
 M - a slice of pizza
 N - 8 chunks of flesh


   Skills:
 - Level 1.3 Dodging
 - Level 1.2 Stealth
 + Level 5.6 Spellcasting
 - Level 6.3 Conjurations
   Level 0.8 Summonings
 - Level 0.8 Translocations
 - Level 2.7 Air Magic
 - Level 2.5 Poison Magic


You had 7 spell levels left.
You knew the following spells:

 Your Spells              Type           Power        Failure   Level  Hunger
a - Magic Dart            Conj           ####         1%          1    None
b - Blink                 Tloc           N/A          14%         2    None
c - Mephitic Cloud        Conj/Pois/Air  ###.....     10%         3    ##.....
d - Conjure Flame         Conj/Fire      ###.....     12%         3    ##.....
e - Repel Missiles        Chrm/Air       ##....       12%         2    None


Dungeon Overview and Level Annotations

Branches:
Dungeon (6/15)             Temple (1/1) D:4

Altars:
Ashenzari
Cheibriados
Elyvilon
Kikubaaqudgha
Makhleb
Nemelex Xobeh
Okawaru
Pakellas
Qazlal
Ru
Sif Muna
Trog
Xom
Zin

Annotations:
D:6 rftp080's ghost, novice TrFi


Innate Abilities, Weirdness & Mutations

You have hooves in place of feet.
Armour fits poorly on your strangely shaped body.
You cover ground very quickly.
You have extremely tough skin (AC +3).


Message History

Press: ? - help, Shift-Dir - straight line, f/p - rftp080's ghost
Aim: rftp080's ghost (flame, moderately damaged)
The magic dart hits rftp080's ghost.
Rftp080's ghost is moderately damaged.
Rftp080's ghost is engulfed in roaring flames.
Rftp080's ghost hits you!!
Ouch! That really hurt!
* * * LOW HITPOINT WARNING * * *
Casting: Magic Dart
Confirm with . or Enter, or press ? or * to list all spells.
Aiming: Magic Dart
Press: ? - help, Shift-Dir - straight line, f/p - rftp080's ghost
Aim: rftp080's ghost (flame, heavily damaged)
Okay, then.
Drink which item? (? for menu, Esc to quit)
Okay, then.
Rftp080's ghost is engulfed in roaring flames.
Found a stormy altar of Qazlal.
Rftp080's ghost hits you!
You die...

..... . .≈..
.≈ ≈..#
.§_#...
^≈.≈≈..
.^§....
.......#####
.......@...#
........W#.#
..........<#
........#.§#
(..........#
######......
#.......
#.#..###.
..#..


You could see rftp080's ghost.

Vanquished Creatures
  Grinder (D:4)
  Purgy (D:4)
  A necrophage (D:4)
  3 ogres
  2 phantoms
  A gnoll sergeant (D:5)
  A scorpion (D:5)
  A crimson imp (D:5)
  2 hounds (D:4)
  A centaur zombie (D:5)
  A centaur skeleton (D:5)
  2 jellies (D:5)
  Jessica (D:3)
  2 iguanas
  Terence (D:3)
  Natasha (thrice) (D:2)
  An orc wizard (D:5)
  4 worker ants
  2 adders
  5 gnolls (D:5)
  An ooze (D:4)
  An adder skeleton (D:5)
  3 worms
  4 dart slugs
  A giant gecko (D:2)
  4 orcs
  5 giant cockroaches
  13 goblins
  8 hobgoblins
  3 jackals (D:1)
  2 quokkas
  6 bats
  A giant gecko skeleton (D:4)
  2 giant newts (D:2)
  6 kobolds
  6 rats
102 creatures vanquished.

Notes
Turn   | Place    | Note
--------------------------------------------------------------
     0 | D:1      | rftp080 the Centaur Wizard began the quest for the Orb.
     0 | D:1      | Reached XP level 1. HP: 14/14 MP: 3/3
    66 | D:1      | Reached skill level 1 in Conjurations
   343 | D:1      | Reached XP level 2. HP: 19/20 MP: 0/5
   394 | D:1      | Reached skill level 2 in Conjurations
  1312 | D:2      | Reached XP level 3. HP: 22/26 MP: 0/6
  1444 | D:2      | Reached skill level 3 in Conjurations
  1527 | D:2      | Learned a level 2 spell: Blink
  1531 | D:2      | Learned a level 3 spell: Mephitic Cloud
  1539 | D:2      | Noticed Natasha
  1545 | D:2      | Killed Natasha
  1545 | D:2      | Reached XP level 4. HP: 15/33 MP: 1/7
  1731 | D:2      | Noticed Natasha
  1745 | D:2      | Killed Natasha
  2092 | D:2      | Reached skill level 4 in Conjurations
  2156 | D:2      | Noticed Natasha
  2164 | D:2      | Killed Natasha
  2413 | D:2      | Found a snail-covered altar of Cheibriados.
  2433 | D:2      | Found a sacrificial altar of Ru.
  2493 | D:3      | Noticed Terence
  2599 | D:3      | Noticed Jessica
  2602 | D:3      | Killed Jessica
  2602 | D:3      | Reached XP level 5. HP: 29/38 MP: 4/8
  2671 | D:3      | Killed Terence
  2831 | D:3      | Reached skill level 5 in Conjurations
  3065 | D:3      | Found a glowing silver altar of Zin.
  3449 | D:4      | Noticed a phantom
  3493 | D:4      | Killed a phantom
  3493 | D:4      | Reached XP level 6. HP: 14/45 MP: 0/9
  3847 | D:4      | Noticed Purgy
  3861 | D:4      | Killed Purgy
  3861 | D:4      | Reached skill level 6 in Conjurations
  4044 | D:4      | Reached skill level 1 in Poison Magic
  4067 | D:4      | Reached skill level 1 in Air Magic
  4088 | D:4      | Reached XP level 7. HP: 39/50 MP: 0/10
  4237 | D:4      | Noticed Grinder
  4238 | D:4      | Paralysed by Grinder for 3 turns
  4251 | D:4      | Paralysed by Grinder for 7 turns
  4278 | D:4      | Killed Grinder
  4960 | D:4      | Learned a level 3 spell: Conjure Flame
  4963 | D:4      | Learned a level 2 spell: Repel Missiles
  5070 | D:4      | Found a staircase to the Ecumenical Temple.
  5238 | Temple   | Entered the Ecumenical Temple
  5363 | D:5      | Entered Level 5 of the Dungeon
  5455 | D:5      | Found a shattered altar of Ashenzari.
  5543 | D:5      | Reached XP level 8. HP: 51/57 MP: 2/13
  6033 | D:5      | Reached skill level 5 in Spellcasting
  6460 | D:6      | Noticed rftp080's ghost (novice TrFi)
  6470 | D:6      | HP: 1/57 [rftp080's ghost (34)]
  6473 | D:6      | Found a stormy altar of Qazlal.
  6474 | D:6      | Mangled by rftp080's ghost

Skill      XL: |  1  2  3  4  5  6  7  8 |
---------------+-------------------------+-----
Conjurations   | 1 2 3 4 5 6 |  6.3
Poison Magic   | 1 2 |  2.5
Air Magic      | 1 2 |  2.7
Spellcasting   | 3 5 |  5.6
Dodging        | |  1.3
Stealth        | |  1.2
Summonings     | |  0.8
Translocations | |  0.8

Action                   |  1- 3 |  4- 6 |  7- 9 || total
-------------------------+-------+-------+-------++-------
Melee: Dagger            |    66 |    42 |       ||   108
       Kick              |     7 |    17 |    10 ||    34
       Short sword       |       |    61 |    66 ||   127
 Fire: Hunting sling     |       |       |     8 ||     8
Throw: Stone             |       |     3 |       ||     3
 Cast: Magic Dart        |    50 |    84 |   116 ||   250
       Mephitic Cloud    |       |     2 |     4 ||     6
       Conjure Flame     |       |       |     2 ||     2
       Repel Missiles    |       |       |     1 ||     1
  Use: Scroll            |     1 |     1 |     3 ||     5
 Stab: Confused          |       |     4 |       ||     4
  Eat: Chunk             |     2 |     7 |     7 ||    16
Armor: Robe              |    27 |    23 |    31 ||    81
Dodge: Dodged            |    45 |    38 |    41 ||   124
